 Dungeon Crawl Stone Soup version 0.28.0 (webtiles) character file.

Game seed: 17761185589834684988

2906 BeingJoeMalik the Cleaver (level 9, -8/54 HPs)
             Began as a Tengu Fighter on Feb 15, 2022.
             Was an Elder of Dithmenos.
             Killed by divine providence
             ... invoked by an orc priest
              (17 damage)
             ... on level 6 of the Dungeon.
             The game lasted 00:14:56 (5574 turns).

BeingJoeMalik the Cleaver (Tengu Fighter)           Turns: 5574, Time: 00:14:57

Health: -8/54      AC:  4    Str: 21    XL:     9   Next: 78%
Magic:  1/1        EV: 14    Int:  8    God:    Dithmenos [****..]
Gold:   318        SH:  6    Dex: 14    Spells: 8/8 levels left

rFire   + . .      SeeInvis .   a - +1 war axe
rCold   . . .      Faith    .   c - +1 buckler
rNeg    . . .      Spirit   .   m - +1 leather armour {rC+}
rPois   +          Reflect  .   (helmet restricted)
rElec   +          Harm     .   (no cloak)
rCorr   .          Rampage  .   (no gloves)
Will    .....                   (boots unavailable)
Stlth   ++........              j - amulet of the King {rPois Regen+ Str+5 Dex-3}
HPRegen 0.98/turn               i - ring of the Suburbs {Fire rElec MP-9 Int-2 Slay+5}
MPRegen 0.07/turn               (no ring)

@: flying quickly and evasively, wreathed by umbra, quick
A: beak, talons 3, nimble flight
a: Renounce Religion, Shadow Step


You were on level 6 of the Dungeon.
You worshipped Dithmenos.
Dithmenos was greatly pleased with you.
You visited 2 branches of the dungeon, and saw 7 of its levels.

You collected 318 gold pieces.

Inventory:

Hand Weapons
 a - a +1 war axe (weapon)
 s - a +3 vorpal trident
Missiles
 g - a curare-tipped dart
 r - 9 poisoned darts (quivered)
Armour
 b - a +0 scale mail
 c - a +1 buckler (worn)
 m - a +1 leather armour of cold resistance (worn)
 o - a +2 leather armour of willpower
Jewellery
 i - the ring of the Suburbs (left hand) {Fire rElec MP-9 Int-2 Slay+5}
   (You acquired it on level 4 of the Dungeon)

   [ring of fire]

   It enhances your fire magic.
   Int:       It affects your intelligence (-2).
   Slay:      It affects your accuracy & damage with ranged weapons and melee
   (+5).
   rF:        It protects you from fire.
   rC:        It makes you vulnerable to cold.
   rElec:     It insulates you from electricity.
   MP:        It affects your magic capacity (-9).
 j - the amulet of the King (around neck) {rPois Regen+ Str+5 Dex-3}
   (You found it on level 2 of the Dungeon)

   [amulet of regeneration]

   Str:       It affects your strength (+5).
   Dex:       It affects your dexterity (-3).
   rPois:     It protects you from poison.
   Regen:     It increases your rate of health regeneration.
Wands
 f - a wand of iceblast (27)
 l - a wand of paralysis (13)
 n - a wand of polymorph (12)
 t - a wand of mindburst (11)
Scrolls
 h - 3 scrolls of teleportation
 k - 2 scrolls of enchant armour
 p - a scroll of enchant weapon
 u - a scroll of identify
 w - a scroll of silence
Potions
 d - a potion of brilliance {unknown}
 e - 2 potions of curing {unknown}
 q - 4 potions of degeneration {unknown}
 v - a potion of mutation {unknown}


   Skills:
 + Level 5.2 Fighting
 * Level 13.3 Axes
 - Level 3.2 Armour
 - Level 2.6 Dodging
 + Level 0.6 Stealth
 - Level 3.0 Shields


You had 8 spell levels left.
You didn't know any spells.
Your spell library contained the following spells:

 Spells                   Type           Power      Damage    Failure   Level
 Sandblast                Erth           0%         2d4       54%         1
 Ensorcelled Hibernation  Hex/Ice        0%         N/A       69%         2
 Passwall                 Tmut/Erth      0%         N/A       69%         2
 Stone Arrow              Conj/Erth      0%         3d7       89%         3
 Swiftness                Air            0%         N/A       89%         3
 Malign Gateway           Summ/Tloc      0%         N/A       100%        7
 Summon Horrible Things   Summ           0%         N/A       100%        8


Dungeon Overview and Level Annotations

Branches:
Dungeon (6/15)             Temple (1/1) D:4

Altars:
Dithmenos
Elyvilon
Gozag
Hepliaklqana
Qazlal
Wu Jian
Xom

Shops:
D:5 [

Annotations:
D:6 1 runed translucent door, Dvallin's ghost, weakling KoDe


Innate Abilities, Weirdness & Mutations

You have a beak for a mouth.
You have claws for feet.
Your magical nature lets you fly swiftly and evasively.


Message History

Unknown command.
You hear a shout!
A hound comes into view.
The orc priest looks satisfied for a moment.
The orc priest calls down the wrath of Beogh upon you.
Beogh smites you!
You hear a shout!
You hit the orc priest. You peck the orc priest!
The orc priest is severely wounded.
The hound barks!
You hit the orc priest.
You kill the orc priest!
Dithmenos accepts your kill.
Your shadow now sometimes tangibly mimics your actions.
You hit the kobold brigand.
The kobold brigand is lightly wounded.
The kobold brigand hits you with a +0 whip.
You slash the kobold brigand! Your kick misses the kobold brigand.
The kobold brigand is moderately wounded.
You hear a zap.
You hear a grinding noise.
The kobold brigand hits you with a +0 whip.
* * * LOW HITPOINT WARNING * * *
Unknown command.
You slice the kobold brigand!!
You kill the kobold brigand!
Dithmenos accepts your kill.
You hear a shout!
The orc zaps a wand.
The puff of flame misses you.
Unknown command.
The orc priest mumbles some strange prayers to Beogh against you.
Pain shoots through your body!
* * * LOW HITPOINT WARNING * * *
There is a huge open gate, spattered with blood here.
Things that are here:
a +0 club; a +0 ring mail; an orc corpse Unknown command.
You barely miss the orc priest. You slash the orc wizard!
The orc priest invokes the aid of Beogh against you.
Beogh smites you!
You die...

################# ##
......#....#..... .#
......'....'.... '
......oo...#... #
##########@'')#############
..........)...............#
≈≈≈≈≈§§§§≈....≈)≈≈≈≈≈≈≈≈≈≈#
≈≈≈≈≈≈§§≈≈....≈≈≈≈≈≈≈≈≈≈≈≈≈
≈≈≈≈≈≈§h≈≈....≈≈≈≈≈≈≈≈≈≈≈≈≈
..o...........)............
...########..().....))÷....
... #.................. ..
....................#


You could see a hound, an orc priest and an orc wizard.

Vanquished Creatures
  A kobold demonologist (D:6)
  Sigmund (D:2)
  Eustachio (D:4)
  A black bear (D:4)
  An ice beast (D:5)
  5 ogres
  A necrophage (D:5)
  A centaur (D:6)
  2 kobold brigands (D:6)
  A scorpion (D:5)
  2 gnoll sergeants (D:6)
  A water moccasin zombie (D:5)
  6 howler monkeys
  A centaur zombie (D:6)
  A bullfrog zombie (D:5)
  7 hounds
  A jelly (D:5)
  6 orc priests (D:6)
  2 bullfrog skeletons (D:4)
  A gnoll shaman (D:6)
  Ijyb (D:4)
  Jessica (D:2)
  A centaur skeleton (D:6)
  6 orc wizards
  7 gnolls
  3 adders
  A white imp (D:6)
  2 worms
  A dart slug (D:3)
  11 orcs
  3 ball pythons
  6 endoplasms
  4 giant cockroaches
  10 goblins
  10 hobgoblins
  9 jackals
  12 kobolds
  2 quokkas (D:2)
  3 frilled lizards
  3 rats
139 creatures vanquished.

Vanquished Creatures (others)
  2 plants (D:6)
2 creatures vanquished.

Grand Total: 141 creatures vanquished

Notes
Turn   | Place    | Note
-------+----------+-------------------------------------------
     0 | D:1      | BeingJoeMalik the Tengu Fighter began the quest for the
                  | Orb.
     0 | D:1      | Reached XP level 1. HP: 14/14 MP: 2/2
   381 | D:1      | Reached XP level 2. HP: 15/19 MP: 3/3
   534 | D:1      | Reached skill level 3 in Axes
   547 | D:1      | Found a faded altar of an unknown god.
   558 | D:1      | Prayed at the altar of an unknown god.
   558 | D:1      | Became a worshipper of Dithmenos the Shadowed
   558 | D:1      | Reached * piety under Dithmenos
  1143 | D:2      | Noticed Jessica
  1144 | D:2      | Killed Jessica
  1145 | D:2      | Reached skill level 4 in Axes
  1145 | D:2      | Reached XP level 3. HP: 23/23 MP: 4/4
  1158 | D:2      | Noticed Sigmund
  1165 | D:2      | HP: 1/23 [Sigmund (9)]
  1166 | D:2      | Killed Sigmund
  1167 | D:2      | Reached skill level 6 in Axes
  1167 | D:2      | Reached XP level 4. HP: 1/28 MP: 5/5
  1167 | D:2      | Gained mutation: Your magical nature lets you fly swiftly
                  | and evasively. [Tengu growth]
  1167 | D:2      | Reached XP level 5. HP: 1/32 MP: 6/6
  1677 | D:2      | Reached XP level 6. HP: 37/37 MP: 7/7
  2069 | D:2      | Identified the amulet of the King {rPois Regen+ Str+5
                  | Dex-3}
  2367 | D:3      | Reached skill level 7 in Axes
  2367 | D:3      | Reached ** piety under Dithmenos
  2433 | D:3      | Found a white marble altar of Elyvilon.
  2573 | D:3      | Found an ornate altar of the Wu Jian Council.
  2652 | D:3      | Found a stormy altar of Qazlal.
  2826 | D:4      | Noticed Ijyb
  2831 | D:4      | Noticed a black bear
  2882 | D:4      | Killed Ijyb
  2937 | D:4      | Identified a scroll of acquirement
  2937 | D:4      | Acquired the ring of the Suburbs {Fire rElec MP-9 Int-2
                  | Slay+5}
  2957 | D:4      | Found a staircase to the Ecumenical Temple.
  2969 | Temple   | Entered the Ecumenical Temple
  3123 | D:4      | Killed a black bear
  3124 | D:4      | Reached skill level 8 in Axes
  3124 | D:4      | Reached XP level 7. HP: 35/41 MP: 8/8
  3179 | D:4      | Found a shadowy altar of Dithmenos.
  3219 | D:4      | Noticed Eustachio
  3378 | D:4      | Killed Eustachio
  3379 | D:4      | Reached skill level 1 in Dodging
  3663 | D:5      | Entered Level 5 of the Dungeon
  3768 | D:5      | Reached skill level 9 in Axes
  3804 | D:5      | Found Gyna's Antique Armour Boutique.
  3807 | D:5      | Reached XP level 8. HP: 46/46 MP: 0/9
  3862 | D:5      | Reached *** piety under Dithmenos
  3976 | D:5      | Reached skill level 10 in Axes
  4746 | D:6      | Found a shimmering altar of Xom.
  4943 | D:6      | Reached skill level 11 in Axes
  5052 | D:6      | Reached XP level 9. HP: 52/52 MP: 1/10
  5121 | D:6      | Reached skill level 12 in Axes
  5129 | D:6      | Noticed a kobold demonologist
  5131 | D:6      | Noticed a hellwing
  5182 | D:6      | Killed a kobold demonologist
  5191 | D:6      | Reached skill level 5 in Fighting
  5368 | D:6      | Found a runed translucent door.
  5370 | D:6      | Found a shimmering altar of Xom.
  5370 | D:6      | Noticed Dvallin's ghost (weakling KoDe)
  5370 | D:6      | Noticed a +1 dagger of chaos
  5465 | D:6      | Reached skill level 13 in Axes
  5569 | D:6      | Reached **** piety under Dithmenos
  5574 | D:6      | Killed from afar by an orc priest

Illustrated notes

Levels and vault maps discovered:
D:1:      kilobyte_arrival_exit_the_forest, layout_loops_ring,
          chequers_ecumenical_altar_simple
D:2:      layout_loops_ring, serial_rivers, chequers_serial_rivers_small_3,
          chequers_serial_rivers_marsh, chequers_serial_rivers_marsh,
          chequers_serial_rivers_micro_a, uniq_sigmund, uniq_jessica
D:3:      layout_rooms, mainiacjoe_overflow_tiny_flanked,
          nicolae_qazlal_general_emergency, lemuel_coloured_pillars_altar
D:4:      layout_loops_ring, amcnicky_altar_gilded,
          minmay_temple_entry_large_hall, amcnicky_mini_corridor_feature,
          uniq_eustachio, uniq_ijyb
D:5:      layout_basic, serial_shops, nicolae_shop_trees
D:6:      lemuel_castle_with_subvaults [lemuel_castle_interior_carwin_1],
          layout_layer_cave, mainiacjoe_overflow_paths, ebering_ghost_xom,
          grunt_ministairs_15
Temple:   hc_temple_tempest_star

Skill      XL: |  1  2  3  4  5  6  7  8  9 |
---------------+----------------------------+-----
Axes           | 4 6 8 9 11 13 | 13.3
Dodging        | 1 2 |  2.6
Fighting       | 4 5 |  5.2
Armour         | |  3.2
Stealth        | |  0.6
Shields        | |  3.0

Action                   |  1- 3 |  4- 6 |  7- 9 || total
-------------------------+-------+-------+-------++-------
Melee: War axe           |    38 |   110 |   142 ||   290
       Kick              |     7 |    25 |    39 ||    71
       Peck              |     4 |    18 |    24 ||    46
       Unarmed           |       |    20 |       ||    20
Throw: Dart              |       |       |    10 ||    10
  Use: Potion            |     1 |       |     3 ||     4
       Scroll            |       |     5 |     4 ||     9
 Stab: Sleeping          |       |       |     1 ||     1
       Distracted        |       |       |     1 ||     1
Armor: Scale mail        |     8 |    21 |       ||    29
       Leather armour    |       |     1 |    22 ||    23
Dodge: Dodged            |    15 |    74 |    97 ||   186
Block: Buckler           |    10 |    24 |    37 ||    71
